 Dungeon Crawl Stone Soup version 0.13-a0-2590-g8c14591 (console) character file.

255 CryptoCactus the Ruinous (level 5, -1/28 HPs)
             Began as a Tengu Conjurer on Aug 2, 2013.
             Slain by Duvessa
             ... wielding a +3,+2 elven short sword
              (11 damage)
             ... on Level 4 of the Dungeon.
             The game lasted 00:08:49 (3361 turns).

CryptoCactus the Ruinous (Tengu Conjurer)           Turns: 3361, Time: 00:08:49

HP  -1/28        AC  2     Str  8      XL: 5   Next:  3%
MP   2/12        EV 12     Int 16      God:
Gold 136         SH  0     Dex 15      Spells:  3 memorised,  3 levels left

Res.Fire  : . . .   See Invis. : .   a - +2,+1 elf dagger (venom)
Res.Cold  : . . .   Warding    : .   o - +0 robe
Life Prot.: . . .   Conserve   : .   (no shield)
Res.Poison: .       Res.Corr.  : .   (helmet restricted)
Res.Elec. : .       Clarity    : .   (no cloak)
Sust.Abil.: . .     Spirit.Shd : .   (no gloves)
Res.Mut.  : .       Stasis     : .   (boots unavailable)
Res.Rott. : .       Flight     : .   (no amulet)
Saprovore : . . .                    (no ring)
                                     (no ring)

@: slowed, very slow, slightly resistant to hostile enchantments, fairly
stealthy
A: able to fly, beak, talons 3
a: Fly


You were on level 4 of the Dungeon.
You were hungry.

You visited 1 branch of the dungeon, and saw 4 of its levels.

You collected 116 gold pieces.


Innate Abilities, Weirdness & Mutations

You can fly.
You have a beak for a mouth.
You have claws for feet.


   Skills:
 - Level 2.1 Dodging
 - Level 2.0 Stealth
 + Level 2.7 Spellcasting
 - Level 7.0 Conjurations


You had 3 spell levels left.
You knew the following spells:

 Your Spells              Type           Power        Failure   Level  Hunger
x - Dazzling Spray        Conj/Hex       ##......     14%         3    ###....
y - Searing Ray           Conj           ###...       1%          2    ##.....
z - Magic Dart            Conj           ###.         1%          1    #......

Inventory:

Hand weapons
 a - a +2,+1 elven dagger of venom (weapon)
Armour
 o - a +0 robe (worn)
Comestibles
 b - 2 bread rations
 f - 3 chokos
 h - an apple
 s - a snozzcumber
Scrolls
 e - 3 scrolls of identify {unknown}
 i - a scroll of fog {unknown}
 k - 2 scrolls of remove curse {unknown}
 l - a scroll of recharging {unknown}
 m - a scroll of enchant armour {unknown}
 n - 2 scrolls of enchant weapon I {unknown}
 p - a scroll of amnesia {unknown}
 r - a scroll of enchant weapon II {unknown}
Potions
 g - 2 potions of heal wounds
 j - a potion of curing
Books
 c - a book of Conjurations

   Spells                             Type                      Level
   *Magic Dart                        Conjuration                  1
   *Searing Ray                       Conjuration                  2
   *Dazzling Spray                    Conjuration/Hexes            3
   Iskenderun's Mystic Blast          Conjuration                  4
   Iskenderun's Battlesphere          Conjuration/Charms           4
   Fulminant Prism                    Conjuration/Hexes            5

· ▒▒▒▒▒▒▒▒·▒
▒··········
▒▒▒▒▒▒▒▒▒···)······
· ▒·············<··
▒·········▒▒··▒▒▒ ·
▒········)·@e··▒
▒▒▒▒▒▒<▒▒▒▒▒%··▒
▒·▒ ···▒ ▒▒▒ ▒·)··
▒····▒ ···· ·· ·


You could see Duvessa.


Message History

Duvessa hits you with an elven short sword.
Drink which item? (? for menu, Esc to quit)
You feel as though you will be slow longer.
It was a potion of slowing.
Duvessa hits you with an elven short sword!
You barely miss Duvessa. You peck Duvessa.
Duvessa is heavily wounded.
Duvessa zaps a wand.
You resist.
You hit Duvessa but do no damage.
Duvessa is poisoned.
Duvessa is heavily wounded.
Duvessa zaps a wand.
You feel as though you will be slow longer.
Duvessa zaps a wand.
You resist.
You barely miss Duvessa. You claw Duvessa.
Duvessa is severely wounded.
Duvessa misses you.
You hit Duvessa but do no damage.
Duvessa looks even sicker.
You claw Duvessa.
Duvessa is severely wounded.
Duvessa zaps a wand.
You feel as though you will be slow longer.
Duvessa zaps a wand.
You resist.
You closely miss Duvessa.
Duvessa is almost dead.
Duvessa hits you with an elven short sword.
* * * LOW HITPOINT WARNING * * *
You hit Duvessa but do no damage.
Duvessa is almost dead.
Duvessa zaps a wand.
You resist.
Duvessa hits you with an elven short sword!
You die...

Action                   |  1- 3 |  4- 6 || total
-------------------------+-------+-------++-------
Melee: Short sword       |     6 |     2 ||     8
       Dagger            |       |     9 ||     9
 Cast: Magic Dart        |    71 |    67 ||   138
       Dazzling Spray    |       |     4 ||     4
  Use: Potion            |       |     3 ||     3
 Stab: Sleeping          |     1 |       ||     1
       Invisible         |       |     1 ||     1

Vault maps used:
D:1:      minmay_entry_glassed_features
D:2:      minmay_stone_trees_small
D:3:      first_bread
D:4:      infiniplex_staircase_spiral, general_overflow_altar,
          minmay_misc_feat_rows, grunt_ministairs_9, serial_bayou_crossing,
          uniq_duvessa

Notes
Turn   | Place    | Note
--------------------------------------------------------------
     0 | D:1      | CryptoCactus, the Tengu Conjurer, began the quest for the Orb.
     0 | D:1      | Reached XP level 1. HP: 10/10 MP: 3/3
   273 | D:1      | Reached XP level 2. HP: 15/15 MP: 5/5
   323 | D:1      | Learned a level 2 spell: Searing Ray
   352 | D:1      | Reached skill level 6 in Conjurations
   874 | D:1      | Reached XP level 3. HP: 19/19 MP: 2/6
  1548 | D:2      | Reached skill level 7 in Conjurations
  1639 | D:2      | Reached XP level 4. HP: 24/24 MP: 1/8
  2324 | D:3      | Reached skill level 2 in Spellcasting
  2387 | D:3      | Learned a level 3 spell: Dazzling Spray
  3212 | D:4      | Noticed a phantom
  3326 | D:4      | Noticed Dowan
  3344 | D:4      | Noticed Duvessa
  3351 | D:4      | Reached XP level 5. HP: 24/28 MP: 2/12
  3361 | D:4      | Slain by Duvessa

Vanquished Creatures
  4 adders
  A worm (D:3)
  An ooze (D:1)
  8 orcs
  A ball python (D:1)
  8 bats
  3 giant cockroaches
  2 hobgoblins (D:1)
  2 jackals (D:3)
  2 quokkas
  A giant newt (D:2)
  13 goblins
  12 kobolds
  5 rats
63 creatures vanquished.
